 Dungeon Crawl Stone Soup version 0.29-a0-876-gfc89b1a5bd (webtiles) character file.

Game seed: 8747720420283350550

989 buhh the Basher (level 8, 0/74 HPs)
             Began as a Meteoran Fighter on July 19, 2022.
             Slain by Prince Ribbit (16 damage)
             ... on level 5 of the Dungeon.
             The game lasted 00:07:22 (1652 turns).

buhh the Basher (Meteoran Fighter)                  Turns: 1652, Time: 00:07:22

Health: 0/74       AC:  6    Str: 19    XL:     8   Next: 69%
Magic:  9/9        EV:  9    Int: 10    God:
Gold:   120        SH: 11    Dex: 20    Spells: 7/7 levels left

rFire   . . .      SeeInvis .   a - +0 flail
rCold   . . .      Faith    .   c - +0 buckler
rNeg    . . .      Spirit   .   b - +0 scale mail
rPois   .          Reflect  +   (no helmet)
rElec   .          Harm     +   l - scarf {harm}
rCorr   .          Rampage  .   (no gloves)
Will    +....                   (no boots)
Stlth   ..........              p - amulet of reflection
HPRegen 0.22/turn               y - +6 ring of dexterity
MPRegen 0.11/turn               (no ring)

@: mighty, glowing
A: sense surroundings 1, otherworldly, glowing, explore regen
a: no special abilities


You were on level 5 of the Dungeon.
You visited 1 branch of the dungeon, and saw 5 of its levels.
You also visited: Ossuary.

You collected 120 gold pieces.

Inventory:

Hand Weapons
 a - a +0 flail (weapon)
Armour
 b - a +0 scale mail (worn)
 c - a +0 buckler (worn)
 d - a +0 pair of gloves
 l - a scarf of harm (worn)
Magical Staves
 h - a staff of earth
Jewellery
 p - an amulet of reflection (around neck)
 y - a +6 ring of dexterity (left hand)
Wands
 u - a wand of mindburst (11)
Scrolls
 g - a scroll of vulnerability {unknown}
 i - 3 scrolls of poison {unknown}
 j - a scroll of torment {unknown}
 k - 3 scrolls of enchant weapon {unknown}
 n - 3 scrolls of identify {unknown}
 o - 2 scrolls of noise {unknown}
 r - 2 scrolls of teleportation {unknown}
 s - a scroll of blinking {unknown}
 t - a scroll of fear {unknown}
Potions
 e - 3 potions of flight {unknown}
 f - 2 potions of mutation {unknown}
 q - 3 potions of heal wounds {unknown}
 v - 2 potions of curing {!d}
 w - 2 potions of lignification {unknown}
 x - 2 potions of berserk rage {unknown}
 z - 2 potions of degeneration {unknown}
 A - a potion of invisibility {unknown}


   Skills:
 + Level 7.8 Fighting
 + Level 8.9 Maces & Flails
 - Level 3.6 Armour
 - Level 3.6 Shields


You had 7 spell levels left.
You didn't know any spells.
Your spell library was empty.

Dungeon Overview and Level Annotations

Branches:
Dungeon (5/15) Zot: 1539  Ossuary (visited)
 Temple: D:4-7

Altars:
Dithmenos
Gozag
Wu Jian
Yredelemnul

Shops:
D:2 *

Annotations:
D:5 Prince Ribbit


Innate Abilities, Weirdness & Mutations

You passively map a small area around you.
You are easily found by Zot.
You glow in the dark.
You regain HP and MP as you explore.


Message History

You block Prince Ribbit's attack. You block the iguana's attack.
Prince Ribbit attacks as you move away! Prince Ribbit hits you!
* * * LOW HITPOINT WARNING * * *
It was a potion of curing.
You feel better.
v - 2 potions of curing;
h - a staff of earth Prince Ribbit blinks!
You feel very mighty all of a sudden. You block the adder's attack.
The adder bites you.
* * * LOW HITPOINT WARNING * * *
You closely miss Prince Ribbit.
Prince Ribbit is moderately wounded.
Prince Ribbit croaks regally.
Prince Ribbit blinks!
You block the adder's attack.
You sock the adder!
You kill the adder!
The iguana bites you but does no damage.
You sock the iguana!
You kill the iguana!
Prince Ribbit blinks!
You closely miss the black bear. You block the black bear's attack.
The black bear claws you but does no damage.
You block the black bear's attack.
You hit the black bear.
The black bear is lightly wounded.
The black bear bites you.
* * * LOW HITPOINT WARNING * * *
The black bear claws you but does no damage.
You block the black bear's attack.
You barely miss the black bear.
The black bear is lightly wounded.
You block the black bear's attack. The black bear barely misses you.
The black bear claws you.
* * * LOW HITPOINT WARNING * * *
You sock the black bear!
The black bear is severely wounded.
You block the black bear's attack. The black bear closely misses you. x2
You bludgeon the black bear!!
You kill the black bear!
Prince Ribbit hits you!
You die...

, *
#.#.....(.......
,
#..........#####
##..#.......# *
###..##.......#
#....########## *
* *###.h### ,
#...## ,
...##..####### ,
, ,
.....)..F@....#*
*
#############....
, * # , *


You could see Prince Ribbit.

Vanquished Creatures
  2 black bears
  2 phantoms
  An elf zombie (D:4)
  5 water moccasin zombies (Ossuary)
  A bullfrog zombie (Ossuary)
  Jessica (D:3)
  An iguana (D:5)
  4 human skeletons (D:4)
  Ijyb (D:4)
  3 mummies (Ossuary)
  4 adders
  A shadow imp (D:4)
  2 white imps (D:4)
  3 ufetubi (D:4)
  6 adder zombies (Ossuary)
  A worm (D:4)
  A dart slug (D:3)
  4 orcs
  2 endoplasms
  3 giant cockroaches
  5 gnoll zombies (Ossuary)
  2 hobgoblins (D:3)
  6 kobolds
  2 quokkas
  3 ball pythons (D:3)
  3 frilled lizards
  2 goblins
  5 hobgoblin zombies (Ossuary)
  3 kobold zombies (Ossuary)
  An orc skeleton (D:4)
  6 orc zombies (Ossuary)
  4 rats
90 creatures vanquished.

Notes
Turn   | Place    | Note
-------+----------+-------------------------------------------
     0 | D:1      | buhh the Meteoran Fighter began the quest for the Orb.
     0 | D:1      | Reached XP level 1. HP: 19/19 MP: 2/2
    64 | D:1      | Found a faded altar of an unknown god.
   109 | D:1      | Reached skill level 3 in Maces & Flails
   109 | D:1      | Reached XP level 2. HP: 26/26 MP: 3/3
   129 | D:2      | Found Reekih's General Store.
   437 | D:2      | Found an ornate altar of the Wu Jian Council.
   517 | D:3      | Reached XP level 3. HP: 18/33 MP: 4/4
   750 | D:2      | Reached skill level 4 in Maces & Flails
   823 | D:3      | Noticed Jessica
   835 | D:3      | Killed Jessica
   836 | D:3      | Reached XP level 4. HP: 39/41 MP: 5/5
   854 | D:3      | Found a shadowy altar of Dithmenos.
   876 | D:3      | Noticed a black bear
   905 | D:3      | Killed a black bear
   906 | D:3      | Reached skill level 5 in Fighting
   906 | D:3      | Reached skill level 5 in Maces & Flails
   906 | D:3      | Reached XP level 5. HP: 40/48 MP: 6/6
   906 | D:3      | Reached XP level 6. HP: 47/56 MP: 7/7
   963 | D:4      | Reached skill level 6 in Maces & Flails
  1065 | D:4      | Reached XP level 7. HP: 51/62 MP: 8/8
  1109 | D:4      | Reached skill level 7 in Maces & Flails
  1111 | D:4      | Found a sand-covered staircase.
  1119 | Ossuary  | Entered an ossuary
  1209 | Ossuary  | Reached XP level 8. HP: 71/71 MP: 9/9
  1262 | Ossuary  | Reached skill level 8 in Maces & Flails
  1424 | D:4      | Noticed Ijyb
  1426 | D:4      | Killed Ijyb
  1571 | D:3      | Found an opulent altar of Gozag.
  1598 | D:3      | Found a basalt altar of Yredelemnul.
  1617 | D:5      | Entered Level 5 of the Dungeon
  1624 | D:5      | Noticed Prince Ribbit
  1652 | D:5      | Slain by Prince Ribbit

Illustrated notes

Levels and vault maps discovered:
D:1:      minmay_arrival_jagged, layout_loops_corners,
          nicolae_ecumenical_lake_church
D:2:      layout_loops_ring, serial_shops, shop, serial_glass, glass_columns_a,
          glass_columns_b, basic_altar
D:3:      layout_rooms, mainiacjoe_overflow_tiny_flanked, lemuel_crystal_altar,
          tgw_trog, nicolae_gozag_seed_capital, minmay_misc_feat_more_columns,
          roderic_serpentine_path, uniq_jessica
D:4:      layout_gridville, mainiacjoe_overflow_catwalk, old_standard_altar,
          nicolae_ossuary_entry_catacombs, serial_demonic, serial_demonic_b,
          serial_demonic_e, serial_demonic_c, serial_demonic_f,
          serial_demonic_d, serial_demonic_a, serial_demonic_e, nicolae_titane,
          uniq_ijyb
D:5:      layout_rooms, marbit_many_paths, serial_shops, shop_statue,
          minmay_manual_monstrance, uniq_prince_ribbit1

Skill      XL: |  1  2  3  4  5  6  7  8 |
---------------+-------------------------+-----
Maces & Flails | 3 4 5 6 7 8 |  8.9
Fighting       | 4 5 6 7 |  7.8
Armour         | |  3.6
Shields        | |  3.6

Action                   |  1- 3 |  4- 6 |  7- 9 || total
-------------------------+-------+-------+-------++-------
Melee: Flail             |    87 |    63 |   185 ||   335
Evoke: Wand              |       |       |     4 ||     4
  Use: Potion            |       |       |     2 ||     2
Armor: Scale mail        |    43 |    34 |    50 ||   127
Dodge: Dodged            |    36 |    22 |    49 ||   107
Block: Buckler           |    27 |    43 |    87 ||   157
       Reflection        |       |     1 |       ||     1

Table legend: (Time is in decaauts)
 A = Elapsed time spent in this place.
 B = Non-inter-level travel time spent in this place.
 C = Inter-level travel time spent in this place.
 D = Time resting spent in this place.
 E = Time spent auto-exploring this place.
 F = Levels seen in this place.
 G = Mean time per level.
                   A        B        C        D        E       F      G
               +--------+--------+--------+--------+--------+-----+--------+
         Total |   1698 |   1675 |     23 |      0 |      0 |   6 |  283.0 |
       Dungeon |   1459 |   1436 |     23 |      0 |      0 |   5 |  291.8 |
       Ossuary |    239 |    239 |      0 |      0 |      0 |   1 |  239.0 |
               +--------+--------+--------+--------+--------+-----+--------+

Top non-repeatable levels by time:
     D:1: 416 daAuts
     D:2: 375 daAuts
     D:4: 358 daAuts
     D:3: 274 daAuts
 Ossuary: 239 daAuts
     D:5: 34 daAuts
